 Dungeon Crawl Stone Soup version 0.30-a0-586-g23e55c9e0a (webtiles) character file.

Game seed: 13793911823475177974

22869 Bnni the Skirmisher (level 13, -8/100 HPs)
             Began as a Formicid Hexslinger on Jan 3, 2023.
             Was a High Priest of Okawaru.
             Mangled by a troll (9 damage)
             ... on level 12 of the Dungeon.
             The game lasted 00:43:32 (12533 turns).

Bnni the Skirmisher (Formicid Hexslinger)          Turns: 12533, Time: 00:43:32

Health: -8/100     AC: 14    Str: 16    XL:     13   Next: 30%
Magic:  1/29       EV: 14    Int: 15    God:    Okawaru [*****.]
Gold:   734        SH: 13    Dex: 16    Spells: 9/20 levels left

rFire   + . .      SeeInvis +    a - +0 arbalest
rCold   + . .      Faith    .    M - +0 kite shield
rNeg    + . .      Spirit   .    t - +2 robe {rN+}
rPois   +          Reflect  .    (helmet unavailable)
rElec   +          Harm     .    S - +0 cloak
rCorr   +          Rampage  .    N - +2 pair of gloves {infuse}
Will    .....                    E - +0 pair of boots
Stlth   +++                      (no amulet)
HPRegen 0.36/turn                l - +4 ring of protection
MPRegen 0.21/turn                g - ring of magical power

@: brilliant, resistant, weak-willed, heroic, finesse-ful
A: permanent stasis, dig shafts and tunnels, antennae 3, four strong arms
a: Dig, Shaft Self, Renounce Religion, Heroism, Finesse, Duel


You were on level 12 of the Dungeon.
You worshipped Okawaru.
Okawaru was extremely pleased with you.
You visited 1 branch of the dungeon, and saw 12 of its levels.
You also visited: Bailey.

You collected 734 gold pieces.

Inventory:

Hand Weapons
 a - a +0 arbalest (weapon)
 o - a +2 dagger of venom
 v - the +7 lajatang of Order {silver, rMut}
   (You acquired it on level 5 of the Dungeon)

   It inflicts extra damage upon those it strikes, and deals substantially
   increased damage to chaotic, mutated and magically transformed beings.
   rMut:      It protects you from mutation.
Missiles
 f - 19 poisoned darts
 y - a throwing net
Armour
 t - a +2 robe of positive energy (worn)
 E - a +0 pair of boots (worn)
 M - a +0 kite shield (worn)
 N - a +2 pair of gloves of infusion (worn)
 R - a +2 robe of cold resistance
 S - a +0 cloak (worn)
Jewellery
 d - a ring of ice
 g - a ring of magical power (right hand)
 l - a +4 ring of protection (left hand)
Wands
 r - a wand of light (15)
 x - a wand of digging (6)
 D - a wand of iceblast (14)
 P - a wand of flame (7)
Scrolls
 b - 4 scrolls of poison
 h - a scroll of immolation {unknown}
 k - a scroll of amnesia {unknown}
 m - 4 scrolls of enchant weapon {unknown}
 q - a scroll of brand weapon
 z - 2 scrolls of enchant armour {unknown}
 F - 2 scrolls of noise {unknown}
 G - a scroll of torment {unknown}
 I - 4 scrolls of fear
 J - 2 scrolls of blinking {unknown}
 K - 2 scrolls of fog {unknown}
 O - a scroll of summoning {unknown}
Potions
 c - 2 potions of curing
 i - 3 potions of attraction
 n - 3 potions of brilliance
 p - 2 potions of berserk rage
 s - 4 potions of lignification {unknown}
 w - 3 potions of haste
 A - 5 potions of might
 B - a potion of cancellation {unknown}
 C - 2 potions of invisibility
 H - a potion of mutation {unknown}
 L - a potion of magic {unknown}


   Skills:
 + Level 8.8(13.8) Fighting
 * Level 14.8(19.8) Ranged Weapons
 - Level 1.7(6.7) Dodging
 * Level 8.1(13.1) Shields
 - Level 4.0 Spellcasting
 - Level 9.0 Hexes
 - Level 3.0 Translocations
 - Level 3.0 Fire Magic
 + Level 9.9 Invocations


You had 9 spell levels left.
You knew the following spells:

 Your Spells              Type           Power      Damage    Failure   Level
a - Slow                  Hex            100%       N/A       1%          1
b - Inner Flame           Hex/Fire       31%        N/A       8%          3
c - Portal Projectile     Hex/Tloc       62%        N/A       8%          3
d - Cause Fear            Hex            22%        N/A       8%          4

Your spell library contained the following spells:

 Spells                   Type           Power      Damage    Failure   Level
 Momentum Strike          Conj/Tloc      22%        3d8       24%         2
 Lesser Beckoning         Tloc           36%        N/A       26%         3
 Sandblast                Erth           8%         2d5       30%         1
 Passwall                 Tmut/Erth      3%         N/A       41%         2
 Stone Arrow              Conj/Erth      8%         3d7       65%         3
 Blink                    Tloc           Unusable   N/A       N/A         2

Dungeon Overview and Level Annotations

Branches:
Dungeon (12/15)            Temple (0/1) D:4            Lair (0/5) D:10
    Orc (0/2) D:11         Bailey (visited)

Altars:
Dithmenos
Fedhas
Gozag
Okawaru
Qazlal
Ru
Trog
Uskayaw
Xom
Yredelemnul

Shops:
D:4 *   D:6 (

Annotations:
D:12 1 transporter, Qomop's ghost, adept FoFi


Innate Abilities, Weirdness & Mutations

You cannot be hasted, slowed, berserked, paralysed or teleported.
You can dig through walls and to a lower floor.
You have a pair of large antennae on your head. (SInv)
Your four strong arms can wield two-handed weapons with a shield.


Message History

Aim: an orc knight, wielding a +2 antimagic eveningstar and wearing a +0 plate armour (black smoke, almost dead, inner flame, unable to see you, weak-willed, 73% to hit)
You magically shoot a bolt.
The bolt barely misses the orc knight.
Qomop's ghost misses you. The orc knight closely misses you.
Fire: a) +0 arbalest
Press: ? - help, Shift-Dir - straight line, f/p - orc knight
Aim: an orc knight, wielding a +2 antimagic eveningstar and wearing a +0 plate armour (black smoke, almost dead, inner flame, unable to see you, weak-willed, 71% to hit)
You shoot a bolt. The bolt barely misses the orc knight.
Fire: a) +0 arbalest
Press: ? - help, Shift-Dir - straight line, f/p - orc knight
Aim: an orc knight, wielding a +2 antimagic eveningstar and wearing a +0 plate armour (black smoke, almost dead, inner flame, unable to see you, weak-willed, 71% to hit)
You shoot a bolt. The bolt barely misses the orc knight.
Qomop's ghost hits you!!
* * * LOW HITPOINT WARNING * * *
Qomop's ghost freezes you.
* * * LOW HITPOINT WARNING * * *
The orc knight barely misses you.
You feel better. You block Qomop's ghost's attack. The orc knight misses you.
You block the troll's attack. The troll misses you.
The troll barely misses you.
You feel better.
You flicker back into view.
You block Qomop's ghost's attack.
The orc knight hits you with a +2 antimagic eveningstar!
* * * LOW HITPOINT WARNING * * *
The troll bites you but does no damage. The troll claws you.
* * * LOW HITPOINT WARNING * * *
The troll claws you.
* * * LOW HITPOINT WARNING * * *
You feel better.
You are no longer teleporting projectiles to their destination.
Qomop's ghost hits you but does no damage.
The orc knight misses you. The troll closely misses you.
The troll claws you but does no damage. x2
You feel better. Qomop's ghost hits you!!
* * * LOW HITPOINT WARNING * * *
Qomop's ghost freezes you.
* * * LOW HITPOINT WARNING * * *
The orc knight closely misses you. The troll closely misses you.
The troll claws you!
You die...

#............##
#.............#
#.............#
#.............#
#########..........##
#..........©.......### ##
#....[...#####...[...#####.
#....).###.©.###...........
#.....##..@...###.....####.
#.....#..TWo##..#...#...##.
###..##:.†.#≈##.##..###.#..
#..#.......#...#.........
####..#..##[_). ..#..##...#.
#.....#.##≈:[[##.y#..###....
#.....##.###.#≈#.##..#...##.
#......##....### #...#.#..#.
#.)....##.O....###..........


You could see an orc knight (inner flame, weak-willed), a troll (weak-willed)
and Qomop's ghost (weak-willed).

Vanquished Creatures
  An orc warlord (Bailey)
  Fannar (D:11)
  Erolcha (D:12)
  Erica (D:9)
  6 two-headed ogres
  2 boulder beetles
  An orc knight (Bailey)
  2 cyclopes
  A manticore (D:11)
  Maurice (D:12)
  2 moths of wrath (D:12)
  2 slime creatures (D:12)
  An unseen horror (D:11)
  A kobold demonologist (D:10)
  5 trolls
  Grinder (D:3)
  A hornet (D:11)
  Sigmund (D:3)
  2 shadows (D:10)
  A wraith (D:11)
  6 yaks (D:10)
  A wyvern (D:9)
  A basilisk (D:11)
  A steam dragon (D:7)
  2 acid dragons
  Duvessa (D:7)
  7 orc warriors
  A water moccasin (D:5)
  A black bear (D:5)
  An ogre (D:7)
  8 centaurs
  A phantom (D:6)
  2 kobold brigands (D:7)
  2 bullfrogs
  3 scorpions
  A gnoll sergeant (D:9)
  7 wights
  Dowan (D:7)
  6 killer bees (D:11)
  7 howler monkeys
  4 jellies
  3 hounds
  Crazy Yiuf (D:3)
  An orc priest (D:10)
  Jessica (D:3)
  3 iguanas
  Natasha (thrice) (D:2)
  9 orc wizards
  15 gnolls
  6 adders
  A shadow imp (D:4)
  5 white imps
  An ufetubus (D:5)
  4 dart slugs
  5 worms
  22 orcs
  11 ball pythons
  5 endoplasms
  2 giant cockroaches
  15 goblins
  7 hobgoblins
  10 jackals
  26 kobolds
  6 quokkas
  8 bats
  5 frilled lizards
  7 rats
  A bush (D:12)
281 creatures vanquished.

Vanquished Creatures (others)
  A bush (D:12)
  2 fungi (D:1)
  49 plants
52 creatures vanquished.

Grand Total: 333 creatures vanquished

Notes
Turn   | Place    | Note
-------+----------+-------------------------------------------
     0 | D:1      | Bnni the Formicid Hexslinger began the quest for the Orb.
     0 | D:1      | Reached XP level 1. HP: 15/15 MP: 2/2
    32 | D:1      | Reached XP level 2. HP: 15/21 MP: 3/3
   164 | D:1      | Reached skill level 1 in Fire Magic
   173 | D:1      | Reached XP level 3. HP: 26/26 MP: 4/4
   177 | D:1      | Learned a level 3 spell: Inner Flame
   731 | D:2      | Reached XP level 4. HP: 22/32 MP: 6/6
   859 | D:2      | Noticed Natasha
   867 | D:2      | Killed Natasha
   992 | D:2      | Reached XP level 5. HP: 38/38 MP: 7/7
  1022 | D:2      | Found an iron altar of Okawaru.
  1029 | D:2      | Became a worshipper of Warmaster Okawaru
  1172 | D:2      | Noticed Natasha
  1187 | D:2      | Killed Natasha
  1188 | D:2      | Reached skill level 3 in Ranged Weapons
  1575 | D:2      | Noticed Natasha
  1581 | D:2      | Killed Natasha
  1871 | D:3      | Reached skill level 5 in Hexes
  1871 | D:3      | Reached XP level 6. HP: 37/44 MP: 7/9
  1876 | D:3      | Learned a level 4 spell: Cause Fear
  1973 | D:3      | Noticed Grinder
  1974 | D:3      | Noticed Sigmund
  1989 | D:3      | Killed Grinder
  1989 | D:3      | Killed Sigmund
  1989 | D:3      | Reached * piety under Okawaru
  1990 | D:3      | Reached skill level 4 in Ranged Weapons
  1990 | D:3      | Reached XP level 7. HP: 51/51 MP: 5/10
  2259 | D:3      | Noticed Jessica
  2262 | D:3      | Killed Jessica
  2376 | D:3      | Found a runed translucent door.
  2377 | D:3      | Noticed Crazy Yiuf
  2397 | D:3      | Killed Crazy Yiuf
  2893 | D:4      | Found Viwk's General Store.
  3026 | D:4      | Found a sacrificial altar of Ru.
  3055 | D:4      | Found a basalt altar of Yredelemnul.
  3130 | D:4      | Reached skill level 1 in Translocations
  3130 | D:4      | Reached XP level 8. HP: 53/58 MP: 7/12
  3284 | D:4      | Found a staircase to the Ecumenical Temple.
  3334 | D:4      | Reached skill level 5 in Ranged Weapons
  3751 | D:4      | Learned a level 3 spell: Portal Projectile
  3752 | D:5      | Entered Level 5 of the Dungeon
  3780 | D:5      | Reached skill level 1 in Invocations
  4196 | D:5      | HP: 2/58 [poisoned by a water moccasin]
  4396 | D:5      | Reached ** piety under Okawaru
  4951 | D:5      | Identified a scroll of acquirement
  4953 | D:5      | Acquired the +7 lajatang of Order {silver, rMut}
  4953 | D:5      | Found the +7 lajatang of Order {silver, rMut}
  4993 | D:6      | Reached XP level 9. HP: 65/65 MP: 14/14
  5100 | D:6      | Found a hide-covered altar of Uskayaw.
  5145 | D:6      | Found a blossoming altar of Fedhas.
  5348 | D:6      | Found Zutatoum's Weapon Boutique.
  5553 | D:6      | Reached skill level 6 in Ranged Weapons
  6085 | D:7      | Found a shadowy altar of Dithmenos.
  6137 | D:7      | Reached *** piety under Okawaru
  6249 | D:7      | Noticed Dowan
  6250 | D:7      | Noticed Duvessa
  6267 | D:7      | Killed Duvessa
  6288 | D:7      | Killed Dowan
  6449 | D:7      | Reached skill level 7 in Ranged Weapons
  7200 | D:8      | You fall into a shaft and drop 1 floor!
  7237 | D:9      | Found a flagged portal.
  7242 | Bailey   | Entered a bailey
  7263 | Bailey   | Noticed an orc warlord
  7318 | Bailey   | Reached XP level 10. HP: 62/73 MP: 16/16
  7342 | Bailey   | Reached skill level 5 in Fighting
  7390 | Bailey   | Found a runed translucent gate.
  7391 | Bailey   | Found a runed translucent gate.
  7392 | Bailey   | Found a runed translucent gate.
  7398 | Bailey   | Noticed an orc knight
  7538 | Bailey   | Killed an orc knight
  7539 | Bailey   | Reached skill level 5 in Invocations
  7762 | Bailey   | Reached **** piety under Okawaru
  7762 | Bailey   | Received a gift from Okawaru
  7821 | Bailey   | Killed an orc warlord
  7822 | Bailey   | Reached skill level 8 in Ranged Weapons
  7982 | Bailey   | Reached skill level 12 in Ranged Weapons
  7982 | Bailey   | Reached XP level 11. HP: 81/81 MP: 17/17
  8019 | D:9      | Noticed a two-headed ogre
  8054 | D:9      | Killed a two-headed ogre
  8055 | D:9      | Reached skill level 13 in Ranged Weapons
  8099 | D:9      | Noticed a two-headed ogre
  8129 | D:9      | Killed a two-headed ogre
  8315 | D:9      | Noticed Erica
  8321 | D:9      | Killed Erica
  8451 | D:9      | Reached ***** piety under Okawaru
  8451 | D:9      | Received a gift from Okawaru
  8488 | D:9      | Found a shimmering altar of Xom.
  8489 | D:9      | Noticed a cyclops
  8497 | D:9      | Killed a cyclops
  8522 | D:9      | Reached XP level 12. HP: 89/89 MP: 18/18
  8757 | D:10     | Entered Level 10 of the Dungeon
  8799 | D:10     | Reached skill level 1 in Shields
  8828 | D:10     | Received a gift from Okawaru
  9326 | D:10     | Found a staircase to the Lair.
  9704 | D:10     | Found an opulent altar of Gozag.
 10645 | D:11     | Noticed a boulder beetle
 10666 | D:11     | Killed a boulder beetle
 10667 | D:11     | Reached skill level 14 in Ranged Weapons
 10838 | D:11     | Found a staircase to the Orcish Mines.
 10900 | D:12     | Noticed Fannar
 10931 | D:11     | Killed Fannar
 11110 | D:12     | Reached skill level 5 in Shields
 11418 | D:12     | Noticed Erolcha
 11424 | D:12     | Killed Erolcha
 11600 | D:12     | Noticed Maurice
 11606 | D:12     | Killed Maurice
 11628 | D:12     | Noticed a two-headed ogre
 11632 | D:12     | Noticed a two-headed ogre
 11633 | D:12     | Found a bloodstained altar of Trog.
 11650 | D:12     | Noticed a boulder beetle
 11666 | D:12     | Found a transporter.
 11667 | D:12     | Killed a boulder beetle
 11670 | D:12     | Found a transporter.
 11675 | D:12     | Noticed Qomop's ghost (adept FoFi)
 11686 | D:12     | Reached XP level 13. HP: 79/98 MP: 20/20
 11746 | D:12     | Found a stormy altar of Qazlal.
 12533 | D:12     | HP: 2/100 [Qomop's ghost (27)]
 12533 | D:12     | Mangled by a troll

Illustrated notes

Levels and vault maps discovered:
D:1:      mrwooster_arrival_statue_3, layout_rooms, dreamdust_mushroom_princess,
          serial_bayou_lagoon_a
D:2:      layout_basic, basic_altar, serial_bayou_pond_e, dk_noncrumbling_4,
          minmay_circled_x, uniq_natasha
D:3:      layout_basic, uniq_crazy_yiuf_cottage, uniq_grinder, uniq_jessica,
          uniq_sigmund
D:4:      layout_cave_pools, nicolae_overflow_crystal_walls,
          nicolae_ru_sacrificial_ziggurat, minmay_temple_entry_wispy,
          nicolae_stop_n_shop_2, st_stairs_10
D:5:      layout_basic, kennysheep_generic_room_7
D:6:      layout_cave_pods, fedhas_altar_1, lemuel_crystal_altar, serial_shops,
          nicolae_shop_bloodbath_and_beyond, sigmund_army
D:7:      layout_basic, nicolae_dithmenos_through_a_glass_darkly,
          serial_bayou_crossing, uniq_duvessa
D:8:      layout_cave_pools, mainiacjoe_overflow_cross_hatched,
          nemelex_diamond_rough_becter, tgw_sif, elyvilon_altar_1,
          old_standard_altar
D:9:      layout_roguey, xom_teletrap_fun, enter_bailey_3, evilmike_butchery,
          uniq_erica
D:10:     layout_layer_cave, nicolae_gozag_cash_rules_everything_around_me,
          dpeg_oklobed_lair
D:11:     layout_rooms, orc_0_dummy, serial_bayou_pond_d
D:12:     layout_rooms, gammafunk_ghost_wrathful_warriors, minmay_hedge_maze,
          grunt_qazlal_clouds, uniq_maurice, uniq_fannar, uniq_erolcha

Skill      XL: |  1  2  3  4  5  6  7  8  9 10 11 12 13 |
---------------+----------------------------------------+-----
Hexes          | 4 5 6 7 8 9 |  9.0
Fire Magic     | 1 2 3 |  3.0
Ranged Weapons | 3 4 5 7 12 13 14 | 14.8
Fighting       | 2 3 4 6 8 |  8.8
Spellcasting   | 2 3 4 |  4.0
Translocations | 1 2 3 |  3.0
Invocations    | 2 4 6 8 9 |  9.9
Shields        | 6 8 |  8.1
Dodging        | |  1.7

Action                   |  1- 3 |  4- 6 |  7- 9 | 10-12 | 13-15 || total
-------------------------+-------+-------+-------+-------+-------++-------
Melee: Dagger            |       |       |    84 |    15 |       ||    99
       Lajatang          |       |       |     9 |       |       ||     9
       Punch             |       |       |     1 |       |       ||     1
 Fire: Sling             |   107 |   138 |   249 |       |       ||   494
       Shortbow          |       |       |   131 |   246 |       ||   377
       Arbalest          |       |       |       |   137 |    64 ||   201
Throw: Dart              |       |       |     9 |    27 |     2 ||    38
 Cast: Slow              |     1 |     3 |    22 |    29 |     2 ||    57
       Inner Flame       |       |     1 |    21 |    37 |     9 ||    68
       Portal Projectile |       |       |     1 |     2 |     1 ||     4
       Cause Fear        |       |       |     6 |    22 |     6 ||    34
Invok: Heroism           |       |       |       |     2 |     1 ||     3
       Finesse           |       |       |       |     1 |     1 ||     2
 Abil: Dig               |       |       |       |     1 |       ||     1
Evoke: Wand              |       |       |       |     3 |       ||     3
  Use: Scroll            |       |       |     6 |     3 |     3 ||    12
       Potion            |       |       |     4 |     2 |    12 ||    18
 Stab: Sleeping          |       |       |     1 |       |       ||     1
Armor: Robe              |    12 |    38 |   126 |    86 |    15 ||   277
Dodge: Dodged            |    41 |    46 |   184 |   152 |    32 ||   455
Block: Kite shield       |       |       |       |    57 |    32 ||    89

Table legend: (Time is in decaauts)
 A = Elapsed time spent in this place.
 B = Non-inter-level travel time spent in this place.
 C = Inter-level travel time spent in this place.
 D = Time resting spent in this place.
 E = Time spent auto-exploring this place.
 F = Levels seen in this place.
 G = Mean time per level.
                   A        B        C        D        E       F      G
               +--------+--------+--------+--------+--------+-----+--------+
         Total |  12678 |  12360 |    318 |   2046 |   7528 |  13 |  975.2 |
       Dungeon |  11912 |  11594 |    318 |   1806 |   7406 |  12 |  992.7 |
        Bailey |    765 |    765 |      0 |    240 |    121 |   1 |  765.0 |
               +--------+--------+--------+--------+--------+-----+--------+

Top non-repeatable levels by time:
    D:12: 1322 daAuts
    D:11: 1274 daAuts
     D:7: 1258 daAuts
     D:5: 1211 daAuts
    D:10: 1194 daAuts
     D:2: 1184 daAuts
     D:3: 1159 daAuts
     D:6: 1012 daAuts
     D:4: 868 daAuts
     D:9: 806 daAuts
  Bailey: 765 daAuts
     D:1: 620 daAuts
